 Dungeon Crawl Stone Soup version 0.20.0-15-g7f486f2 (webtiles) character file.

248 ANON1729 the Destroyer (level 6, -5/32 HPs)
             Began as a Tengu Conjurer on June 24, 2017.
             Slain by a black bear (12 damage)
             ... on level 4 of the Dungeon.
             The game lasted 00:06:35 (1714 turns).

ANON1729 the Destroyer (Tengu Conjurer)             Turns: 1714, Time: 00:06:36

Health: -5/32      AC:  2    Str:  8    XL:     6   Next: 12%
Magic:  2/11       EV: 12    Int: 17    God:
Gold:   29         SH:  4    Dex: 15    Spells: 8/11 levels left

rFire    . . .     SeeInvis .   p - +0 whip (elec)
rCold    . . .     Gourm    .   i - +0 buckler
rNeg     . . .     Faith    .   a - +0 robe
rPois    +         Spirit   .   (helmet restricted)
rElec    .         Reflect  .   (no cloak)
rCorr    .         Harm     .   (no gloves)
MR       .....                  (boots unavailable)
Stlth    ++........             (no amulet)
Regen    0.1/turn               d - ring of poison resistance
MPRegen  0.2/turn               (no ring)

@: no status effects
A: beak, talons 3, able to fly 1
a: Fly


You were on level 4 of the Dungeon.
You were not hungry.

You visited 1 branch of the dungeon, and saw 3 of its levels.

You collected 29 gold pieces.

Inventory:

Hand Weapons
 e - a +0 short sword
 l - a +0 short sword
 n - a +0 dagger of speed
 p - a +0 whip of electrocution (weapon)
Missiles
 u - 6 tomahawks (quivered)
 v - 2 needles of frenzy
Armour
 a - a +0 robe (worn)
 i - a +0 buckler (worn)
Jewellery
 d - a ring of poison resistance (left hand)
Scrolls
 f - 2 scrolls of teleportation {unknown}
 g - 3 scrolls of remove curse {unknown}
 o - a scroll of enchant weapon {unknown}
 s - a scroll of identify {unknown}
 t - a scroll of random uselessness {unknown}
Potions
 h - a potion of haste {unknown}
 r - 2 potions of brilliance {unknown}
Books
 b - a book of Conjurations

   Spells                             Type                      Level
   a - Magic Dart                     Conjuration                  1
   b - Searing Ray                    Conjuration                  2
   c - Dazzling Spray                 Conjuration/Hexes            3
   d - Fulminant Prism                Conjuration/Hexes            4
   e - Force Lance                    Conjuration/Translocation    4
   f - Iskenderun's Mystic Blast      Conjuration                  4
Comestibles
 c - 2 bread rations
 j - a royal jelly
 m - 2 meat rations
 q - a fruit


   Skills:
 - Level 2.1 Dodging
 - Level 2.0 Stealth
 * Level 2.0 Shields
 + Level 3.3 Spellcasting
 + Level 8.0 Conjurations


You had 8 spell levels left.
You knew the following spells:

 Your Spells              Type           Power        Failure   Level  Hunger
a - Magic Dart            Conj           ####         1%          1    None
b - Searing Ray           Conj           ####..       1%          2    ##.....


Dungeon Overview and Level Annotations

Branches:
Dungeon (2/15)

Altars:
Dithmenos


Innate Abilities, Weirdness & Mutations

You have a beak for a mouth.
You have claws for feet.
You can fly.


Message History

The black bear claws you. x2
You hit the black bear but do no damage.
You claw the black bear.
The black bear is severely wounded.
The black bear goes berserk!
The black bear barely misses you. You block the black bear's attack.
The black bear claws you!
The black bear bites you but does no damage.
The black bear completely misses you. The black bear barely misses you.
The black bear rages.
The black bear closely misses you. x3
The black bear barely misses you. The black bear claws you.
The black bear barely misses you.
The black bear rages.
You block the black bear's attack. The black bear barely misses you.
The black bear claws you!
* * * LOW HITPOINT WARNING * * *
Found a stone staircase leading down.
The black bear bites you!
You die...

..#..................#
#.#.........#.......##
#.....[.............##
>..............#.#....
............##.._....#
#.............#.#....
##.......#####.#....
#..######..........#....
.......@h...............
......##########........
..##. ###..#...>.. ..
#..........) #.
...........# #.
##.##.#..#### #
........# # ...#.##.# #
.##.....# #


You could see a black bear (berserk).

Vanquished Creatures
  The ghost of koelner the Stinger, an amateur DsVM (D:4)
  A howler monkey (D:4)
  A hound (D:4)
  An iguana (D:4)
  A worker ant (D:4)
  A hound skeleton (D:4)
  An adder (D:4)
  An ooze (D:2)
  3 goblins
  2 hobgoblins (D:1)
  4 jackals (D:1)
  A ball python (D:4)
  4 bats (D:1)
  5 frilled lizards
  9 kobolds
  4 rats (D:1)
40 creatures vanquished.

Notes
Turn   | Place    | Note
-------+----------+-------------------------------------------
     0 | D:1      | ANON1729 the Tengu Conjurer began the quest for the Orb.
     0 | D:1      | Reached XP level 1. HP: 10/10 MP: 4/4
   252 | D:1      | Reached XP level 2. HP: 14/15 MP: 3/6
   256 | D:1      | Learned a level 2 spell: Searing Ray
   358 | D:1      | Reached skill level 6 in Conjurations
   825 | D:1      | Reached XP level 3. HP: 19/19 MP: 2/7
  1131 | D:2      | You fall through a shaft for 2 floors!
  1206 | D:4      | Found a shadowy altar of Dithmenos.
  1238 | D:4      | Reached skill level 1 in Shields
  1238 | D:4      | Reached XP level 4. HP: 24/24 MP: 1/8
  1334 | D:4      | Noticed koelner's ghost (amateur DsVM)
  1347 | D:4      | Killed koelner's ghost
  1347 | D:4      | Reached skill level 7 in Conjurations
  1347 | D:4      | Gained mutation: You can fly. [Tengu growth]
  1347 | D:4      | Reached XP level 5. HP: 13/28 MP: 0/10
  1657 | D:4      | Reached skill level 8 in Conjurations
  1657 | D:4      | Reached XP level 6. HP: 24/32 MP: 2/11
  1670 | D:4      | Noticed a black bear
  1714 | D:4      | Slain by a black bear

Skill      XL: |  1  2  3  4  5 |
---------------+----------------+-----
Conjurations   | 6 7 8 |  8.0
Shields        | 1 2 |  2.0
Spellcasting   | 3 |  3.3
Dodging        | |  2.1
Stealth        | |  2.0

Action                   |  1- 3 |  4- 6 || total
-------------------------+-------+-------++-------
Melee: Short sword       |    15 |       ||    15
       Peck              |     2 |       ||     2
       Kick              |     2 |     1 ||     3
       Whip              |       |     2 ||     2
 Cast: Magic Dart        |    53 |     9 ||    62
       Searing Ray       |     1 |     5 ||     6
  Eat: Chunk             |     2 |     2 ||     4
Armor: Robe              |    10 |     1 ||    11
Dodge: Dodged            |    22 |    12 ||    34
Block: Buckler           |     8 |     3 ||    11
